 Dungeon Sprint DCSS version 0.22-a0-456-g11ed031 (webtiles) character file.

3098 raistware the Unseen (level 9, -1/61 HPs)
             Began as a Spriggan Assassin on June 6, 2018.
             Was a High Priest of Makhleb.
             Slain by a spiny frog (23 damage)
             ... in the Dungeon (Sprint IX: "|||||||||||||||||||||||||||||").
             The game lasted 00:11:25 (1139 turns).

raistware the Unseen (Spriggan Assassin)            Turns: 1139, Time: 00:11:26

Health: -1/61      AC:  5    Str: 12    XL:     9   Next: 59%
Magic:  10/10      EV: 33    Int: 15    God:    Makhleb [*****.]
Gold:   0          SH:  0    Dex: 21    Spells: 8/8 levels left

rFire    . . .     SeeInvis +   p - +2 rapier (venom)
rCold    . . .     Gourm    .   (shield restricted)
rNeg     . . .     Faith    .   c - +0 robe
rPois    .         Spirit   .   (helmet restricted)
rElec    .         Reflect  .   d - +0 cloak
rCorr    .         Harm     .   (gloves unavailable)
MR       +....     NoTele   +   (boots unavailable)
Stlth    ..........             (no amulet)
HPRegen  0.20/turn              s - +2 ring of protection
MPRegen  0.12/turn              r - +3 ring of intelligence

@: berserking, very quick
A: very small, unfitting armour, see invisible, herbivore, speed 3, slow
metabolism 2
a: Minor Destruction, Lesser Servant of Makhleb, Major Destruction, Greater
Servant of Makhleb, Renounce Religion


You were in the Dungeon.
You worshipped Makhleb.
Makhleb was extremely pleased with you.
You were not hungry.

You visited 1 branch

Inventory:

Hand Weapons
 a - a +2 dagger
 b - a +0 blowgun
 p - a +2 rapier of venom (weapon)
 q - a +2 scimitar of flaming
Armour
 c - a +0 robe (worn)
 d - a +0 cloak (worn)
Jewellery
 r - a +3 ring of intelligence (right hand)
 s - a +2 ring of protection (left hand)
Wands
 o - a wand of iceblast (6)
Scrolls
 l - 5 scrolls of remove curse
 m - 4 scrolls of blinking
 n - 2 scrolls of amnesia
 u - 2 scrolls of enchant armour
Potions
 h - 4 potions of curing
 i - 2 potions of haste
 k - 4 potions of magic
 t - a potion of mutation


   Skills:
 - Level 1.5 Fighting
 + Level 11.7 Short Blades
 + Level 7.0 Throwing
 * Level 15.8 Dodging
 + Level 20.6 Stealth


You had 8 spell levels left.
You didn't know any spells.
Your spell library was empty.

Dungeon Overview and Level Annotations

Branches:
Dungeon (1/1)

Altars:
Cheibriados
Dithmenos
Elyvilon
Fedhas
Gozag
Hepliaklqana
Kikubaaqudgha
Makhleb
Nemelex Xobeh
Okawaru
Qazlal
Ru
Sif Muna
Trog
Uskayaw
Vehumet
Wu Jian
Xom
Yredelemnul
Zin
The Shining One
Beogh
Jiyva
Lugonu


Innate Abilities, Weirdness & Mutations

You are very small and have problems with some larger weapons.
You are too small for most types of armour.
You have supernaturally acute eyesight. (SInv)
You are a herbivore.
You cover ground extremely quickly.
You need to consume almost no food.


Message History

Your +2 rapier of venom begins to drip with poison!
p - a +2 rapier of venom (weapon)
You see here a poisoned needle.
You barely miss the spiny frog. You barely miss the spiny frog.
The spiny frog completely misses you.
You hit the spiny frog but do no damage.
The spiny frog stings you!!
You hit the spiny frog.
The spiny frog is lightly wounded.
The spiny frog barely misses you.
You closely miss the spiny frog.
The spiny frog is lightly wounded.
A red film seems to cover your vision as you go berserk!
You feel yourself moving faster!
You feel mighty! The spiny frog closely misses you.
You puncture the spiny frog!
The spiny frog looks as sick as possible!
The spiny frog is moderately wounded.
The spiny frog stings you!!
You die...

▓_▓.▓.▓
▓_▓.▓.▓
▓_▓.▓(▓
▓_▓.▓(▓
▓_▓.▓(▓
▓_▓.▓(▓
▓_▓.▓(▓
▓_▓.▓F▓
▓_▓.▓@▓
▓'▓.▓(▓
▓.▓.▓)▓
▓÷▓.▓|▓
▓.▓.▓)▓
▓.▓.▓.▓
▓÷▓.▓.▓
▓'▓.▓.▓
▓.▓.▓.▓


You could see a spiny frog.

Vanquished Creatures
  A tengu warrior (D)
  A two-headed ogre (D)
  A spiny frog (D)
  A hippogriff (D)
  2 yaks (D)
  2 basilisks (D)
  A hungry ghost (D)
  A porcupine (D)
  A black bear (D)
  An ogre (D)
  A phantom (D)
  A wolf (D)
  A crocodile (D)
  A scorpion (D)
  A howler monkey (D)
  A crimson imp (D)
  A hound (D)
  2 orc wizards (D)
  An adder (D)
  An orc (D)
  A bat (D)
  A bat zombie (D)
  A hobgoblin (D)
  A quokka (D)
  A frilled lizard (D)
  2 goblins (D)
30 creatures vanquished.

Notes
Turn   | Place    | Note
-------+----------+-------------------------------------------
     0 | D        | raistware the Spriggan Assassin began the quest for the Orb.
     0 | D        | Reached XP level 1. HP: 10/10 MP: 2/2
     4 | D        | Reached skill level 6 in Stealth
    23 | D        | Reached skill level 7 in Stealth
    39 | D        | Noticed a phantom
    39 | D        | Noticed a crimson imp
    51 | D        | Reached skill level 8 in Stealth
    51 | D        | Reached XP level 2. HP: 14/14 MP: 3/3
    54 | D        | Killed a crimson imp
    54 | D        | Reached skill level 5 in Dodging
    54 | D        | Reached skill level 9 in Stealth
    54 | D        | Reached XP level 3. HP: 18/18 MP: 4/4
    89 | D        | Found a roughly hewn altar of Beogh.
    89 | D        | Found a snail-covered altar of Cheibriados.
    89 | D        | Found a shadowy altar of Dithmenos.
    89 | D        | Found a white marble altar of Elyvilon.
    89 | D        | Found a blossoming altar of Fedhas.
    89 | D        | Found an opulent altar of Gozag.
    90 | D        | Found a hazy altar of Hepliaklqana.
    91 | D        | Found a viscous altar of Jiyva.
   106 | D        | Found an ancient bone altar of Kikubaaqudgha.
   107 | D        | Found a corrupted altar of Lugonu.
   108 | D        | Found a burning altar of Makhleb.
   109 | D        | Found a sparkling altar of Nemelex Xobeh.
   110 | D        | Found an iron altar of Okawaru.
   111 | D        | Found a stormy altar of Qazlal.
   112 | D        | Found a sacrificial altar of Ru.
   113 | D        | Found a deep blue altar of Sif Muna.
   114 | D        | Found a bloodstained altar of Trog.
   115 | D        | Found a hide-covered altar of Uskayaw.
   116 | D        | Became a worshipper of Makhleb the Destroyer
   117 | D        | Found a radiant altar of Vehumet.
   118 | D        | Found an ornate altar of the Wu Jian Council.
   119 | D        | Found a shimmering altar of Xom.
   120 | D        | Found a basalt altar of Yredelemnul.
   121 | D        | Found a glowing silver altar of Zin.
   122 | D        | Found a glowing golden altar of the Shining One.
   318 | D        | Noticed a two-headed ogre
   318 | D        | Noticed a hungry ghost
   345 | D        | Killed a hungry ghost
   345 | D        | Reached skill level 10 in Dodging
   345 | D        | Reached skill level 11 in Stealth
   345 | D        | Reached XP level 4. HP: 17/22 MP: 5/5
   345 | D        | Reached XP level 5. HP: 20/25 MP: 6/6
   414 | D        | Reached * piety under Makhleb
   442 | D        | Killed a two-headed ogre
   442 | D        | Reached skill level 16 in Stealth
   442 | D        | Reached XP level 6. HP: 30/30 MP: 7/7
   442 | D        | Reached XP level 7. HP: 33/33 MP: 8/8
   461 | D        | Reached ** piety under Makhleb
   533 | D        | Reached skill level 17 in Stealth
   584 | D        | Noticed a tengu warrior
   584 | D        | Noticed a basilisk
   593 | D        | Killed a basilisk
   593 | D        | Reached XP level 8. HP: 36/37 MP: 9/9
   619 | D        | Reached *** piety under Makhleb
   619 | D        | Reached skill level 10 in Short Blades
   641 | D        | Killed a tengu warrior
   641 | D        | Reached skill level 5 in Throwing
   641 | D        | Reached skill level 19 in Stealth
   641 | D        | Reached XP level 9. HP: 23/41 MP: 10/10
   895 | D        | Noticed a spiny frog
   897 | D        | Reached **** piety under Makhleb
   910 | D        | Reached skill level 15 in Dodging
  1038 | D        | Killed a spiny frog
  1038 | D        | Reached skill level 20 in Stealth
  1092 | D        | Reached ***** piety under Makhleb
  1124 | D        | Noticed a spiny frog
  1139 | D        | Slain by a spiny frog

Vault maps used:
D:        linesprint

Skill      XL: |  1  2  3  4  5  6  7  8  9 |
---------------+----------------------------+-----
Stealth        | 8 9 11 16 17 19 20 | 20.6
Short Blades   | 3 4 6 9 10 11 | 11.7
Dodging        | 3 5 10 13 14 15 | 15.8
Throwing       | 3 5 7 |  7.0
Fighting       | |  1.5

Action                   |  1- 3 |  4- 6 |  7- 9 || total
-------------------------+-------+-------+-------++-------
Melee: Dagger            |    67 |       |       ||    67
       Rapier            |    16 |    10 |   117 ||   143
 Fire: Blowgun           |       |     8 |    14 ||    22
Evoke: Wand              |       |       |     4 ||     4
  Use: Potion            |     3 |     1 |     5 ||     9
 Stab: Sleeping          |       |     1 |     1 ||     2
       Invisible         |       |       |     1 ||     1
  Eat: Ration            |       |     1 |       ||     1
Armor: Robe              |    12 |       |     5 ||    17
Dodge: Dodged            |    51 |     7 |    86 ||   144

Table legend:
 A = Spawn XP
 B = Non-spawn XP
 C = Spawn XP percentage of total XP
 D = Spawn monster count
 E = Non-spawn monster count
 F = Spawn count percentage of total count
 G = Total turns spent on level
                    A         B        C        D         E        F      G
               +---------+---------+-------+---------+---------+-------+---------
         Total |       0 |    4427 |   0.0 |       0 |      30 |   0.0 |  1139
               +---------+---------+-------+---------+---------+-------+---------
             D |       0 |    4427 |   0.0 |       0 |      30 |   0.0 |  1139
               +---------+---------+-------+---------+---------+-------+---------
